 Dungeon Crawl Stone Soup version 0.26.0-16-gc1dbca0489 (webtiles) character file.

Game seed: 14936324913199954541

8771 teolandon225 the Unseen (level 11, -4/47 HPs)
             Began as a Spriggan Enchanter on Jan 19, 2021.
             Was an Elder of Dithmenos.
             Slain by a seven-headed hydra (14 damage)
             ... on level 1 of the Lair of Beasts.
             The game lasted 00:33:25 (17241 turns).

teolandon225 the Unseen (Spriggan Enchanter)       Turns: 17241, Time: 00:33:25

Health: -4/47      AC:  4    Str: 10    XL:     11   Next: 14%
Magic:  16/16      EV: 27    Int: 20    God:    Dithmenos [****..]
Gold:   416        SH:  0    Dex: 17    Spells: 2/15 levels left

rFire    . . .     SeeInvis +   r - +2 dagger (flame)
rCold    . . .     Faith    .   (shield restricted)
rNeg     . . .     Spirit   .   p - +2 robe {Will+}
rPois    .         Reflect  .   (helmet restricted)
rElec    .         Harm     .   A - scarf {repulsion}
rCorr    .         Rampage  .   (gloves unavailable)
Will     ++...                  (boots unavailable)
Stlth    ++++++++++             k - amulet of regeneration
HPRegen  0.55/turn              F - +6 ring of strength
MPRegen  0.15/turn              d - ring of wizardry

@: wreathed by umbra, repel missiles, very quick
A: very small, unfitting armour, see invisible, speed 3
a: Renounce Religion, Shadow Step


You were on level 1 of the Lair of Beasts.
You worshipped Dithmenos.
Dithmenos was greatly pleased with you.
You visited 2 branches of the dungeon, and saw 11 of its levels.
You also visited: Sewer.

You collected 742 gold pieces.
You spent 326 gold pieces at shops.

Inventory:

Hand Weapons
 a - a +1 dagger
 r - a +2 dagger of flaming (weapon)
Armour
 b - a +1 robe
 p - a +2 robe of willpower (worn)
 A - a scarf of repulsion (worn)
 B - a +0 troll leather armour {Purgy}
Jewellery
 d - a ring of wizardry (right hand)
 i - an uncursed ring of flight
 k - an amulet of regeneration (around neck)
 F - a +6 ring of strength (left hand)
Wands
 w - a wand of acid (7)
 x - a wand of paralysis (12)
 y - a wand of iceblast (5)
 D - a wand of polymorph (5)
 G - a wand of enslavement (9)
 I - a wand of random effects (14)
 J - a wand of disintegration (23)
Scrolls
 c - 3 scrolls of amnesia
 g - 3 scrolls of remove curse
 j - 4 scrolls of enchant armour
 m - 7 scrolls of teleportation
 t - a scroll of identify
 v - a scroll of fog
 E - a scroll of magic mapping
 H - a scroll of blinking
Potions
 e - 4 potions of mutation
 f - 5 potions of might
 h - 5 potions of heal wounds
 l - 2 potions of haste
 n - a potion of ambrosia
 o - 5 potions of curing
 q - 3 potions of cancellation
 s - 3 potions of lignification
 u - 2 potions of attraction
 z - 4 potions of flight
 C - 2 potions of magic


   Skills:
 - Level 1.1 Short Blades
 + Level 11.3 Dodging
 * Level 16.3 Stealth
 - Level 2.6 Spellcasting
 * Level 13.2 Hexes


You had 2 spell levels left.
You knew the following spells:

 Your Spells              Type           Power        Failure   Level
a - Blink                 Tloc           N/A          9%          2
e - Tukima's Dance        Hex            53%          1%          3
q - Ensorcelled Hibernat  Hex/Ice        58%          1%          2
r - Dazzling Flash        Conj/Hex       58%          1%          3
w - Confusing Touch       Hex            53%          1%          3

Your spell library contained the following spells:

 Spells                   Type           Power        Failure   Level
 Corona                   Hex            58%          1%          1
 Beastly Appendage        Tmut           4%           6%          1
 Sting                    Tmut/Pois      8%           6%          1
 Summon Small Mammal      Summ           8%           6%          1
 Call Imp                 Summ           2%           9%          2
 Wereblood                Tmut           2%           9%          2
 Summon Guardian Golem    Hex/Summ       29%          1%          3
 Call Canine Familiar     Summ           2%           17%         3
 Gell's Gravitas          Tloc           1%           17%         3
 Lesser Beckoning         Tloc           1%           17%         3
 Spider Form              Tmut/Pois      1%           17%         3
 Teleport Other           Tloc           2%           17%         3
 Ice Form                 Ice/Tmut       2%           47%         4
 Passage of Golubria      Tloc           N/A          47%         4
 Summon Ice Beast         Ice/Summ       2%           47%         4
 Summon Lightning Spire   Summ/Air       2%           47%         4
 Blade Hands              Tmut           1%           82%         5


Dungeon Overview and Level Annotations

Branches:
Dungeon (10/15)            Temple (0/1) D:5            Lair (1/6) D:9
    Orc (0/2) D:9           Sewer (visited)

Altars:
Dithmenos
Elyvilon
Nemelex Xobeh
Qazlal
Ru
Sif Muna
Trog
Vehumet
Wu Jian
The Shining One

Shops:
D:5 [   D:6 :   D:8 (   D:9 [

Portals:
Abyss: D:8

Annotations:
D:4 Natasha
D:6 exclusion: 2 downstairs


Innate Abilities, Weirdness & Mutations

You are very small and have problems with some larger weapons.
You are too small for most types of armour.
You have supernaturally acute eyesight. (SInv)
You cover ground extremely quickly.


Message History

Found a stone staircase leading down.
A basilisk is nearby!
A seven-headed hydra comes into view.
The helpless basilisk fails to defend itself.
You spit the basilisk like a pig!!! You burn the basilisk!
You kill the basilisk!
Dithmenos accepts your kill.
The seven-headed hydra roars!
The seven-headed hydra closely misses you.
The seven-headed hydra misses you. The seven-headed hydra bites you!
The seven-headed hydra bites you.
The seven-headed hydra completely misses you. x3
You hit the seven-headed hydra. You burn the seven-headed hydra.
The seven-headed hydra is lightly wounded.
The seven-headed hydra closely misses you.
The seven-headed hydra bites you! The seven-headed hydra misses you.
The seven-headed hydra bites you!
* * * LOW HITPOINT WARNING * * *
The seven-headed hydra bites you!
You die...

#..# ... ##
####P+##P#####
#............P
#............#
#............#
#............#
+.>...@D......
#............#
##+.########## #
#.....?...# #.
###.#.##.# ####.####
#.......... ........#
##..........
........###...........
...........#..........


You could see a seven-headed hydra.

Vanquished Creatures
  Harold (D:9)
  The ghost of Myro the Slicer, a novice PaHu of Uskayaw (D:8)
  Erica (D:8)
  A centaur zombie (D:10)
  A komodo dragon (D:10)
  An ancient zyme (D:8)
  A troll (D:10)
  A dancing weapon (D:5)
  A basilisk (Lair:1)
  Purgy (Sewer)
  5 orc warriors
  2 small abominations (D:8)
  A water moccasin (Lair:1)
  2 ice beasts
  A phantom (D:10)
  3 sky beasts
  A black bear (D:8)
  2 necrophages
  7 ogres
  2 centaurs
  3 big kobolds
  5 bullfrogs
  A water moccasin skeleton (D:4)
  3 scorpions
  6 killer bees
  4 wights (D:8)
  An electric eel (D:7)
  8 howler monkeys
  A bullfrog zombie (D:5)
  3 jellies
  5 hounds
  5 orc priests
  Jessica (D:2)
  Natasha (D:4)
  Terence (D:3)
  3 iguanas
  4 worker ants
  8 orc wizards
  A hound zombie (D:9)
  17 adders
  4 gnolls
  3 shadow imps
  A white imp (D:10)
  4 ufetubi
  4 oozes
  6 adder zombies
  2 adder skeletons
  5 worms
  2 dart slugs (D:1)
  7 leopard geckos
  37 orcs
  7 bats
  6 giant cockroaches
  13 goblins
  10 hobgoblins
  9 jackals
  16 kobolds
  7 quokkas
  4 ball pythons
  8 frilled lizards
  A leopard gecko skeleton (D:6)
  8 rats
281 creatures vanquished.

Vanquished Creatures (collateral kills)
  An ogre (D:5)
  12 wights
  A gnoll (D:4)
  5 orcs
  A frilled lizard (D:5)
20 creatures vanquished.

Vanquished Creatures (others)
  A dancing weapon (D:8)
  An orc (D:7)
  A fungus (D:1)
  4 plants (D:1)
7 creatures vanquished.

Grand Total: 308 creatures vanquished

Notes
Turn   | Place    | Note
-------+----------+-------------------------------------------
     0 | D:1      | teolandon225 the Spriggan Enchanter began the quest for the
                  | Orb.
     0 | D:1      | Reached XP level 1. HP: 9/9 MP: 5/5
   986 | D:1      | Reached XP level 2. HP: 12/13 MP: 4/6
   989 | D:1      | Learned a level 2 spell: Ensorcelled Hibernation
  1211 | D:1      | Reached skill level 5 in Stealth
  2248 | D:1      | Reached XP level 3. HP: 16/16 MP: 5/8
  2920 | D:2      | Reached XP level 4. HP: 18/21 MP: 3/9
  2986 | D:2      | Reached skill level 6 in Stealth
  3019 | D:2      | Reached skill level 5 in Hexes
  3694 | D:2      | Noticed Jessica
  3725 | D:2      | Reached XP level 5. HP: 24/24 MP: 7/10
  3933 | D:2      | Killed Jessica
  4196 | D:3      | Noticed Terence
  4198 | D:3      | Killed Terence
  4199 | D:3      | Reached skill level 7 in Stealth
  4634 | D:3      | Found a shadowy altar of Dithmenos.
  4636 | D:3      | Found a stormy altar of Qazlal.
  4636 | D:3      | Found a sacrificial altar of Ru.
  4637 | D:3      | Found a glowing golden altar of the Shining One.
  4639 | D:3      | Found a radiant altar of Vehumet.
  4714 | D:3      | Became a worshipper of Dithmenos the Shadowed
  6013 | D:4      | Reached XP level 6. HP: 23/28 MP: 11/11
  6126 | D:4      | Learned a level 3 spell: Confusing Touch
  6130 | D:4      | Learned a level 3 spell: Tukima's Dance
  6174 | D:4      | Reached skill level 5 in Dodging
  6512 | D:4      | Reached skill level 8 in Stealth
  6796 | D:4      | Reached * piety under Dithmenos
  6975 | D:4      | Reached XP level 7. HP: 32/32 MP: 9/12
  7345 | D:4      | Noticed Natasha
  7352 | D:4      | Killed Natasha
  7514 | D:4      | Found an ornate altar of the Wu Jian Council.
  7577 | D:4      | Noticed Natasha
  7627 | D:5      | Entered Level 5 of the Dungeon
  7759 | D:5      | Reached skill level 9 in Stealth
  8175 | D:5      | Found a staircase to the Ecumenical Temple.
  8253 | D:5      | Found a shimmering blue altar of Sif Muna.
  8260 | D:5      | Identified Sif Muna's Disquisition on Poison
  8266 | D:5      | Found a bloodstained altar of Trog.
  8406 | D:5      | Reached skill level 10 in Stealth
  8406 | D:5      | Reached XP level 8. HP: 36/36 MP: 10/13
  8593 | D:5      | Found Kacriewo's Armour Emporium.
  9008 | D:5      | Bought a +2 robe of willpower for 194 gold pieces
  9008 | D:5      | Bought a scarf of repulsion for 132 gold pieces
  9064 | D:6      | Found a white marble altar of Elyvilon.
  9096 | D:6      | Reached ** piety under Dithmenos
  9145 | D:6      | Found a bloodstained altar of Trog.
  9180 | D:6      | Reached skill level 11 in Stealth
  9284 | D:6      | Found a glowing drain.
  9288 | Sewer    | Entered a sewer
  9414 | Sewer    | Noticed Purgy
  9420 | Sewer    | Killed Purgy
 10365 | D:5      | Reached skill level 12 in Stealth
 10365 | D:5      | Reached XP level 9. HP: 39/39 MP: 9/14
 10613 | D:6      | Found Eneti's Book Boutique.
 10725 | D:6      | Found a sacrificial altar of Ru.
 10887 | D:7      | Reached skill level 10 in Hexes
 11653 | D:7      | Reached *** piety under Dithmenos
 12022 | D:7      | Reached skill level 13 in Stealth
 12279 | D:8      | Noticed Erica
 12286 | D:8      | Killed Erica
 12298 | D:8      | Found a transporter.
 12303 | D:8      | Found a transporter.
 12402 | D:8      | Found a sparkling altar of Nemelex Xobeh.
 12507 | D:8      | Reached skill level 14 in Stealth
 12806 | D:8      | Reached XP level 10. HP: 44/44 MP: 6/15
 12945 | D:8      | Found Xorecro's Antique Weapon Emporium.
 12974 | D:8      | Learned a level 3 spell: Dazzling Flash
 13439 | D:8      | Found a one-way gate to the infinite horrors of the Abyss.
 13571 | D:8      | Noticed Myro's ghost (novice PaHu)
 13816 | D:8      | Killed Myro's ghost
 13817 | D:8      | Reached skill level 10 in Dodging
 13989 | D:8      | Learned a level 2 spell: Blink
 14106 | D:9      | Found a staircase to the Orcish Mines.
 14106 | D:9      | Found Quzaeck's Armour Boutique.
 14167 | D:8      | Reached skill level 15 in Stealth
 14761 | D:9      | Reached **** piety under Dithmenos
 14980 | D:9      | Noticed Harold
 15905 | D:9      | Killed Harold
 16020 | D:9      | Found a staircase to the Lair.
 16225 | D:10     | Entered Level 10 of the Dungeon
 16431 | D:10     | Reached skill level 16 in Stealth
 16585 | D:10     | Reached XP level 11. HP: 47/47 MP: 16/16
 17215 | Lair:1   | Entered Level 1 of the Lair of Beasts
 17234 | Lair:1   | Noticed a seven-headed hydra
 17241 | Lair:1   | Slain by a seven-headed hydra

Illustrated notes

Levels and vault maps discovered:
D:1:      dpeg_arrival_prison, layout_loops_corners, serial_bayou,
          serial_bayou_pond_e, serial_bayou_shore_b, serial_bayou_pond_a,
          serial_bayou_pond_d, minmay_liquid_box
D:2:      layout_rooms, minmay_between, uniq_jessica
D:3:      layout_loops_corners, minitemple, grunt_decor_resistance, uniq_terence
D:4:      layout_loops_ring, nzn_wu_jian_contemplation, uniq_natasha
D:5:      layout_loops_ring, nzn_overflow_gifts_of_might_and_magic,
          minmay_temple_entry_slanted, kennysheep_windowed_goal
D:6:      layout_gridville, serial_shops, shop_statue, portal_sewer_entry_e,
          hangedman_abyss_or_decor_slice, hangedman_feature_mirror,
          trog_three_pillars_becter
D:7:      layout_basic, hangedman_abyss_or_decor_stabs, minivault_14
D:8:      layout_loops_cross, nemelex_xobeh_ov_fountains_minmay, serial_shops,
          shop, gammafunk_ghost_abyssal_escape, hangedman_decor_lopped,
          eino_small_chamber_without_monster, uniq_erica
D:9:      layout_irregular_city, lair_entry_dummy, orc_david_3, uniq_harold
D:10:     layout_roguey
Lair:1:   layout_roguey, grunt_megastairs_5, serial_bayou_shore_b, uniq_grum,
          uniq_sonja, uniq_urug

Skill      XL: |  1  2  3  4  5  6  7  8  9 10 11 |
---------------+----------------------------------+-----
Hexes          | 4 5 6 8 9 11 12 13 | 13.2
Stealth        | 5 6 7 8 10 12 14 16 | 16.3
Dodging        | 4 5 6 8 9 11 | 11.3
Short Blades   | |  1.1
Spellcasting   | |  2.6

Action                   |  1- 3 |  4- 6 |  7- 9 | 10-12 || total
-------------------------+-------+-------+-------+-------++-------
Melee: Dagger            |   120 |   154 |   237 |   272 ||   783
 Cast: Corona            |     5 |       |       |       ||     5
       Ensorcelled Hiber |    28 |    91 |   101 |    72 ||   292
       Confusing Touch   |       |     2 |    13 |    19 ||    34
       Tukima's Dance    |       |     2 |     7 |    16 ||    25
       Dazzling Flash    |       |       |       |    10 ||    10
       Blink             |       |       |       |     1 ||     1
Invok: Shadow Step       |       |       |     1 |       ||     1
  Use: Scroll            |       |    16 |     3 |     5 ||    24
       Potion            |       |       |     1 |     3 ||     4
 Stab: Sleeping          |    26 |    51 |    89 |    56 ||   222
       Confused          |       |     1 |    10 |    16 ||    27
       Invisible         |       |       |       |     5 ||     5
       Distracted        |       |       |       |     1 ||     1
Armor: Robe              |    17 |    11 |    24 |    13 ||    65
Dodge: Dodged            |    90 |   122 |   283 |   346 ||   841
       Repelled          |       |       |     2 |     2 ||     4
